 Dungeon Crawl Stone Soup version 0.13-a0-2474-g552a472 (console) character file.

181191 Illaniel the Infuser (level 17, -3/109 HPs)
             Began as a High Elf Skald on July 16, 2013.
             Was a High Priest of Okawaru.
             Slain by an orc warrior
             ... wielding a +2,+1 orcish mace
             ... led by Saint Roka
              (22 damage)
             ... on Level 1 of the Vaults on July 18, 2013.
             The game lasted 06:13:58 (50175 turns).

Illaniel the Infuser (High Elf Skald)              Turns: 50175, Time: 06:13:58

HP  -3/109       AC 26     Str 17      XL: 17   Next: 58%
MP  24/37        EV 30     Int 24      God: Okawaru [*****.]
Gold 2415        SH  0     Dex 22      Spells:  8 memorised, 18 levels left

Res.Fire  : + + .   See Invis. : .   a - +2,+3 great sword (elec)
Res.Cold  : . . .   Warding    : .   j - +5 mottled dragon armour of Experimentatio
Life Prot.: + . .   Conserve   : .   (no shield)
Res.Poison: .       Res.Corr.  : .   g - +2 golden helmet {rF+}
Res.Elec. : .       Clarity    : .   Y - +0 elf cloak
Sust.Abil.: . .     Spirit.Shd : .   b - +2 pair of gloves of Shudeb {Dex+2 Acc+6}
Res.Mut.  : .       Stasis     : .   Q - +2 pair of boots of the Snake Pit {Str+3 I Res.Rott. : . Flight : . S - amulet of the gourmand Gourmand : + K - +4 ring of dexterity O - ring "Kuacubov" {rF+ rN+ Str+3}

@: about to teleport, mildly poisoned, heroism, finesse, quite resistant to
hostile enchantments, extraordinarily stealthy
A: no striking features
a: Heroism, Finesse, Renounce Religion


You were on level 1 of the Vaults.
You worshipped Okawaru.
Okawaru was exalted by your worship.
You were very full.

You visited 7 branches of the dungeon, and saw 39 of its levels.
You also visited: Labyrinth, Sewer, Ossuary and Volcano.

You collected 3461 gold pieces.
You spent 1066 gold pieces at shops.

Inventory:

Hand weapons
 a - a +2,+3 great sword of electrocution (weapon)
 h - a +3,+0 great sword of holy wrath
 s - the +9,+1 falchion "Killer Bee's Doom" {elec, rC- Int+4 SInv}
   (You found it on level 17 of the Dungeon)

   Occasionally, upon striking a foe, it will discharge some electrical energy
   and cause terrible harm.
   It affects your intelligence (+4).
   It makes you vulnerable to cold.
   It enhances your eyesight.
 v - a -3 blowgun
 V - the +0,-4 battleaxe "Xeecaj" {chop, +Inv rElec rF+ Int+4}
   (Okawaru gifted it to you on level 4 of the Lair of Beasts)

   It inflicts extra damage upon your enemies.
   It affects your intelligence (+4).
   It protects you from fire.
   It insulates you from electricity.
   It lets you turn invisible.
Missiles
 c - 67 poisoned needles
Armour
 b - the +2 pair of gloves of Shudeb (worn) {Dex+2 Acc+6}
   (You bought it in a shop on level 10 of the Dungeon)

   It affects your dexterity (+2).
   It affects your accuracy (+6).
 g - a +2 golden helmet of fire resistance (worn)
 j - the +5 mottled dragon armour of Experimentation (worn) {Acc+4 Stlth++}
   (You found it in a labyrinth)

   It affects your accuracy (+4).
   It makes you much more stealthy.
 Q - the +2 pair of boots of the Snake Pit (worn) {Str+3 Int+1}
   (You bought it in a shop on level 10 of the Dungeon)

   It affects your strength (+3).
   It affects your intelligence (+1).
 R - a +3 leather armour of poison resistance
 Y - a +0 elven cloak (worn)
Magical devices
 d - a wand of digging (11)
 D - a wand of teleportation (3)
 N - a wand of fireball (1)
 X - a wand of fire (1)
Comestibles
 t - a chunk of centaur flesh
 G - a pear
Scrolls
 f - a scroll of silence
 i - a scroll of identify
 l - 5 scrolls of curse armour
 m - 3 scrolls of curse jewellery
 n - a scroll of remove curse
 o - a scroll of teleportation
 p - a scroll of noise
 y - 2 scrolls of curse weapon
 E - a scroll of immolation
 Z - a scroll of fog
Jewellery
 I - an uncursed ring of sustain abilities
 J - an uncursed amulet of warding
 K - a +4 ring of dexterity (right hand)
 O - the ring "Kuacubov" (left hand) {rF+ rN+ Str+3}
   (You found it on level 2 of the Lair of Beasts)

   [ring of positive energy]

   It affects your strength (+3).
   It protects you from fire.
 S - an amulet of the gourmand (around neck)
Potions
 e - 3 potions of agility
 k - 2 potions of curing
 r - 3 potions of poison
 u - a potion of invisibility
 w - 2 potions of berserk rage
 z - 2 potions of mutation
 A - 2 potions of brilliance
 C - 4 potions of degeneration
 H - a potion of paralysis
 L - a potion of confusion
 M - 3 potions of slowing
 P - 3 potions of restore abilities
 T - a potion of heal wounds
Books
 q - a Young Poisoner's Handbook

   Spells                             Type                      Level
   Sting                              Conjuration/Poison           1
   Cure Poison                        Poison                       2
   Mephitic Cloud                     Conjuration/Poison/Air       3
   Olgreb's Toxic Radiance            Poison                       4
   Venom Bolt                         Conjuration/Poison           5


   Skills:
 + Level 9.4(14.4) Fighting
   Level 2.4(7.4) Short Blades
 + Level 13.1(18.1) Long Blades
 + Level 7.6(12.6) Armour
 + Level 12.8(17.8) Dodging
 + Level 9.9(14.9) Stealth
   Level 0.0 Traps
 + Level 12.6 Spellcasting
 - Level 6.1 Hexes
 + Level 13.3 Charms
 + Level 8.3 Translocations
 * Level 10.6 Air Magic
 + Level 11.1 Invocations
 - Level 6.0 Evocations


You had 18 spell levels left.
You knew the following spells:

 Your Spells              Type           Power        Failure   Level  Hunger
a - Infusion              Chrm           ######       0%          1    None
b - Song of Slaying       Chrm           ######....   1%          2    None
c - Spectral Weapon       Hex/Chrm       ######..     1%          3    None
e - Swiftness             Chrm/Air       ######....   1%          2    None
f - Deflect Missiles      Chrm/Air       ######....   6%          6    #####..
h - Shroud of Golubria    Chrm/Tloc      ######....   1%          2    None
p - Apportation           Tloc           ######....   1%          1    None
E - Haste                 Chrm           ######..     2%          6    #####..


Dungeon Overview and Level Annotations

Branches:
Dungeon (17/27)            Temple (1/1) D:6             Orc (4/4) D:11
    Elf (0/3) Orc:4          Lair (8/8) D:8           Swamp (5/5) Lair:5
 Spider (3/5) Lair:4        Slime (0/6) Lair:8       Vaults (1/5) D:16

Altars:
Ashenzari
Cheibriados
Elyvilon
Fedhas
Kikubaaqudgha
Makhleb
Nemelex Xobeh
Okawaru
Sif Muna
Trog
Vehumet
Xom
Yredelemnul
Zin
the Shining One
Beogh
Jiyva

Shops:
D:5: = D:7: % D:10: [? Orc:3: * Orc:4: ([[/* Vaults:1: (

Annotations
D:13 exclusion: hydra


Message History

You completely miss Saint Roka.
Saint Roka is severely wounded.
* * * LOW HITPOINT WARNING * * *
You feel sick. The orc warrior completely misses you.
You slash Saint Roka!
Saint Roka is severely wounded.
* * * LOW HITPOINT WARNING * * *
You feel sick.
You feel a little better.
Your spectral weapon hits Saint Roka.
There is a sudden explosion of sparks!
You slash Saint Roka!
Saint Roka is almost dead.
Your spectral weapon hits Saint Roka!
There is a sudden explosion of sparks!
You kill Saint Roka!
Okawaru appreciates your kill.
You completely miss the orc warrior.
* * * LOW HITPOINT WARNING * * *
You feel sick.
The orc warrior hits you with an orcish mace!
You die...

▒∙∙∙∙▒ ▒∙∙∙∙▒
▒∙∙∙∙▒
▒▒▒▒▒▒▒▒∙∙∙∙▒
▒∙∙∙∙∙∙▒∙∙∙∙▒
▒∙∙∙∙∙∙▒∙∙∙∙▒
▒∙∙∙∙∙∙'∙∙∙∙▒
▒∙∙∙∙∙∙▒∙∙∙∙▒
▒∙∙∙∙∙∙▒∙∙∙∙▒
▒∙∙∙∙∙∙▒∙∙∙∙▒
▒∙∙∙∙∙∙▒∙∙∙@▒
▒▒▒▒▒▒▒▒∙∙∙(oo∙∙▒
▒∙∙∙∙▒o∙∙▒
▒∙∙∙∙▒>∙∙▒ ▒∙∙∙∙▒
∙∙▒ ▒∙∙∙∙▒ ▒▒▒
▒∙∙∙∙▒ ▒∙∙∙∙▒ ∙∙▒
∙∙∙∙▒ ▒∙∙∙∙▒


You could see an orc warrior (frenzied), an orc priest (frenzied), an orc
(frenzied) and a friendly spectral great sword of electrocution.

Vanquished Creatures
  Saint Roka (Vaults:1)
  2 vault wardens (Vaults:1)
  An emperor scorpion (Spider:2)
  Gastronok (D:10)
  A minotaur (Lab)
  3 vault guards
  A yaktaur captain (Vaults:1)
  An ice dragon (D:14)
  Nessos (D:13)
  7 hydras
  The ghost of mahrgell the Conjurer, a powerful TeWz of Vehumet (Lair:3)
  An orc high priest (Orc:2)
  12 alligators
  An ogre mage (Orc:4)
  4 centaur warriors
  2 catoblepae
  An iron troll (Orc:4)
  3 skeletal warriors (D:15)
  2 unseen horrors (D:14)
  A swamp dragon (Swamp:4)
  An ice statue (D:17)
  Erolcha (Volcano)
  A giant amoeba (Swamp:1)
  2 necromancers (D:16)
  An ironbrand convoker (Vaults:1)
  Joseph (D:8)
  10 wolf spiders
  6 orc knights
  4 harpies (Vaults:1)
  2 wizards
  12 hill giants
  A red wasp (shapeshifter) (D:16)
  3 orc sorcerers
  3 griffons
  9 cyclopes
  6 red wasps
  5 black mambas
  A guardian serpent (shapeshifter) (D:17)
  5 elephants (Lair:4)
  An item mimic (D:10)
  31 spiny frogs
  An orange demon (Orc:2)
  13 yaktaurs
  An iron troll zombie (D:16)
  A harpy zombie (D:13)
  An iron devil (Orc:2)
  8 komodo dragons
  6 demonic crawlers
  Grinder (D:6)
  A fire drake (Swamp:5)
  15 trolls
  2 polar bears
  A hydra zombie (D:9)
  10 giant leeches
  7 orb spiders
  11 two-headed ogres
  11 jumping spiders
  6 baby alligators
  7 bog bodies
  41 slime creatures
  A griffon zombie (D:15)
  A stone giant simulacrum (D:16)
  28 blink frogs
  14 humans (D:16)
  3 basilisks
  An octopode (shapeshifter) (D:16)
  A vampire (D:16)
  2 brown oozes (shapeshifter)
  6 trapdoor spiders
  19 ugly things
  18 redbacks
  3 griffon skeletons
  A shadow (D:14)
  A yak (shapeshifter) (D:15)
  2 hill giant zombies
  5 water elementals
  2 wyverns
  3 deep elf fighters
  8 tarantellas
  Eustachio (D:8)
  A clay golem (D:16)
  2 deep elf magi (Vaults:1)
  3 wraiths
  Grum (D:8)
  9 sharks
  5 hungry ghosts
  46 yaks
  A steam dragon (Swamp:5)
  12 hippogriffs
  3 hill giant skeletons
  39 vampire mosquitoes
  A rock worm (D:15)
  Edmund (D:8)
  16 swamp worms
  24 wolves
  2 necrophages
  9 swamp drakes
  3 manticores
  57 orc warriors
  4 ice beasts
  5 mottled dragons
  4 sky beasts
  A freezing wraith (Vaults:1)
  8 porcupines
  16 ogres
  6 phantoms
  3 yellow wasps
  3 black bears
  32 giant goldfish
  2 boring beetles (Lair:7)
  13 centaurs
  6 big kobolds
  A blink frog skeleton (D:16)
  18 water moccasins
  11 giant slugs
  A spiny worm simulacrum (D:14)
  14 crocodiles
  A komodo dragon zombie (D:11)
  7 wargs
  Blork the orc (D:9)
  9 agate snails
  3 cyclops zombies
  55 insubstantial wisps
  31 giant frogs
  2 cyclops skeletons
  2 yak zombies
  An eye of draining (shapeshifter) (D:13)
  A troll zombie (D:8)
  9 wights
  A lava fish (D:16)
  A yak skeleton (D:14)
  An eye of draining (D:13)
  27 electric eels
  3 vampire bats (Lair:5)
  13 crimson imps
  25 killer bees
  2 centaur zombies (Ossuary)
  9 jellyfish
  A troll skeleton (D:11)
  5 goliath beetles
  A gnoll shaman (D:9)
  23 hounds
  22 spiders
  2 centaur skeletons (D:11)
  A yellow wasp zombie (D:11)
  A giant frog skeleton (D:11)
  57 orc wizards
  37 orc priests
  9 scorpions
  A two-headed ogre zombie (D:12)
  A manticore simulacrum (D:15)
  27 big fish
  9 iguanas
  15 worker ants
  29 sheep
  An ogre zombie (D:9)
  Ijyb (D:3)
  A crocodile zombie (D:13)
  A big kobold skeleton (D:13)
  2 mummies (Ossuary)
  3 jellies
  23 adders
  4 giant centipedes
  48 green rats
  13 gnolls
  A shadow imp (D:11)
  6 giant mites
  A worm zombie (D:5)
  7 worms
  An adder zombie (Ossuary)
  4 grey rats
  3 giant eyeballs
  8 giant geckos
  2 oozes
  268 orcs
  4 ball pythons
  38 bats
  21 goblins
  17 hobgoblins
  20 jackals
  34 kobolds
  5 giant cockroaches
  5 giant newts
  A giant spore (D:6)
  3 goblin zombies (Ossuary)
  5 hobgoblin zombies (Ossuary)
  A jackal skeleton (D:6)
  2 jackal zombies (Ossuary)
  13 kobold zombies
  10 orc zombies (Ossuary)
  9 quokkas
  31 rats
  A rat skeleton (D:7)
  2 rat zombies (Ossuary)
  5 butterflies
  2 fungi
1872 creatures vanquished.

Vanquished Creatures (collateral kills)
  A hydra (D:15)
  2 yaktaurs (D:15)
  An agate snail zombie (D:15)
  A mummy (D:15)
  An orc (D:15)
6 creatures vanquished.

Vanquished Creatures (others)
  A hydra (Swamp:5)
  An orc high priest (Orc:4)
  A wizard (D:16)
  37 spectral weapons
  A two-headed ogre (Orc:4)
  A trapdoor spider (D:15)
  A shark (D:13)
  A swamp drake (Swamp:5)
  A giant frog (Lair:8)
  An electric eel (D:13)
  5 spiders
  A green rat (Lair:7)
  A giant mite (D:15)
  2 orcs
  A giant cockroach (D:6)
  A kobold (D:10)
  2 quokkas
  A giant spore (D:14)
  A jackal zombie (D:8)
  2 rats
  4 bushes (Lair:7)
  5 fungi
  11 plants
83 creatures vanquished.

Grand Total: 1961 creatures vanquished

Notes
Turn   | Place    | Note
--------------------------------------------------------------
     0 | D:1      | Illaniel, the High Elf Skald, began the quest for the Orb.
     0 | D:1      | Reached XP level 1. HP: 13/13 MP: 4/4
   200 | D:1      | Reached skill level 1 in Armour
   262 | D:1      | Reached XP level 2. HP: 16/18 MP: 0/6
   266 | D:1      | Learned a level 2 spell: Song of Slaying
   269 | D:1      | Learned a level 2 spell: Shroud of Golubria
   712 | D:1      | Reached XP level 3. HP: 12/23 MP: 0/9
  1520 | D:3      | Reached skill level 4 in Charms
  1889 | D:3      | Noticed Ijyb
  1901 | D:3      | Killed Ijyb
  1901 | D:3      | Reached skill level 1 in Long Blades
  1901 | D:3      | Reached XP level 4. HP: 29/29 MP: 2/12
  1909 | D:3      | Learned a level 3 spell: Spectral Weapon
  2279 | D:4      | Found a sparkling altar of Nemelex Xobeh.
  2334 | D:4      | Found a glowing drain.
  2342 | D:4      | Reached XP level 5. HP: 28/34 MP: 3/14
  2359 | Sewer    | Entered a sewer
  2695 | Sewer    | Reached XP level 6. HP: 30/40 MP: 0/17
  2849 | Sewer    | Found a glowing silver altar of Zin.
  2913 | D:4      | Found a basalt altar of Yredelemnul.
  2916 | D:4      | Found a sand-covered staircase.
  2924 | Ossuary  | Entered an ossuary
  3733 | D:4      | Noticed an ogre
  3741 | D:4      | Killed an ogre
  3741 | D:4      | Reached XP level 7. HP: 45/45 MP: 10/20
  4081 | D:5      | Entered Level 5 of the Dungeon
  4140 | D:5      | Found a blossoming altar of Fedhas.
  4141 | D:5      | Found an ancient bone altar of Kikubaaqudgha.
  4487 | D:5      | Got an encrusted leather armour
  4495 | D:5      | Identified the cursed +6 leather armour "Oluwnang" {rF+ Str+4} (You found it on level 5 of the Dungeon)
  4638 | D:5      | Reached skill level 5 in Spellcasting
  4672 | D:5      | Found Qigaudgha's Jewellery Shoppe.
  4681 | D:5      | Bought a cursed ring of hunger for 28 gold pieces
  4852 | D:6      | Reached XP level 8. HP: 52/52 MP: 16/22
  4870 | D:6      | Found a staircase to the Ecumenical Temple.
  4880 | Temple   | Entered the Ecumenical Temple
  5116 | D:6      | Reached skill level 5 in Charms
  5182 | D:6      | Noticed Grinder
  5229 | D:6      | Reached skill level 1 in Stealth
  5235 | D:6      | Killed Grinder
  5235 | D:6      | Reached skill level 5 in Long Blades
  5235 | D:6      | Reached skill level 1 in Traps
  5297 | D:6      | Reached skill level 5 in Dodging
  5297 | D:6      | Reached skill level 1 in Hexes
  5342 | D:6      | Reached skill level 1 in Translocations
  5918 | D:6      | Reached skill level 1 in Evocations
  6145 | D:7      | Found Pha Nam's Food Shop.
  6204 | D:7      | Found a glowing golden altar of the Shining One.
  6262 | D:7      | Found an iron altar of Okawaru.
  6268 | D:7      | Became a worshipper of Warmaster Okawaru
  6436 | D:7      | Reached skill level 6 in Charms
  6503 | D:7      | Reached XP level 9. HP: 54/57 MP: 15/24
  6831 | D:7      | Acquired Okawaru's first power
  7158 | D:8      | Found a staircase to the Lair.
  7187 | D:8      | Reached skill level 5 in Fighting
  7196 | Lair:1   | Entered Level 1 of the Lair of Beasts
  7507 | Lair:1   | Reached skill level 1 in Invocations
  8080 | Lair:1   | Reached skill level 7 in Charms
  8288 | Lair:1   | Reached XP level 10. HP: 60/63 MP: 18/26
  8445 | Lair:2   | Noticed a black mamba
  8456 | Lair:2   | Killed a black mamba
  8539 | Lair:2   | Got a steaming steel ring
  8541 | Lair:2   | Identified the ring "Kuacubov" {rF+ rN+ Str+3} (You found it on level 2 of the Lair of Beasts)
  8624 | Lair:2   | Noticed a spiny frog
  8628 | Lair:2   | Noticed a spiny frog
  8641 | Lair:2   | Killed a spiny frog
  8658 | Lair:2   | Killed a spiny frog
  9426 | Lair:3   | Noticed a four-headed hydra
  9451 | Lair:3   | Noticed a griffon
  9483 | Lair:3   | Killed a griffon
  9556 | Lair:3   | Noticed a black mamba
  9572 | Lair:3   | Killed a black mamba
  9576 | Lair:3   | Noticed mahrgell's ghost (powerful TeWz)
  9767 | D:8      | Found a white marble altar of Elyvilon.
  9774 | D:8      | Noticed Grum
  9784 | D:8      | Reached skill level 8 in Charms
  9821 | D:8      | Killed Grum
  9837 | D:8      | Noticed Eustachio
  9895 | D:8      | Killed Eustachio
  9895 | D:8      | Reached XP level 11. HP: 42/69 MP: 17/28
 10139 | D:8      | Noticed Joseph
 10186 | D:8      | Killed Joseph
 10459 | D:8      | Paralysed by a giant eyeball for 2 turns
 10527 | D:8      | Noticed Edmund
 10543 | D:8      | Killed Edmund
 10914 | D:9      | Acquired Okawaru's second power
 11027 | D:9      | Noticed Blork the orc
 11036 | D:9      | Killed Blork the orc
 11647 | D:10     | Entered Level 10 of the Dungeon
 11647 | D:10     | Found Smar's Magic Scroll Boutique.
 11803 | D:10     | Bought a scroll of fog for 24 gold pieces
 11803 | D:10     | Bought a scroll of curse weapon for 24 gold pieces
 11803 | D:10     | Bought a scroll of enchant weapon I for 66 gold pieces
 11803 | D:10     | Bought a scroll of enchant weapon II for 66 gold pieces
 11803 | D:10     | Bought a scroll of identify for 24 gold pieces
 12195 | D:10     | Paralysed by a giant eyeball for 3 turns
 12224 | D:10     | Reached skill level 5 in Stealth
 12660 | D:10     | Found Oshiec's Antique Armour Emporium.
 12664 | D:10     | Bought a pair of pitted boots for 208 gold pieces
 12668 | D:10     | Identified the cursed +2 pair of boots of the Snake Pit {Str+3 Int+1} (You bought it in a shop on level 10 of the Dungeon)
 12677 | D:10     | Noticed Gastronok
 12891 | D:10     | Killed Gastronok
 12891 | D:10     | Reached skill level 9 in Charms
 12891 | D:10     | Reached skill level 5 in Invocations
 13092 | D:11     | Found a staircase to the Orcish Mines.
 13092 | D:11     | Noticed a hill giant
 13105 | D:10     | Killed a hill giant
 13424 | D:11     | Received a gift from Okawaru
 13424 | D:11     | Reached XP level 12. HP: 76/76 MP: 18/30
 13451 | D:11     | Got an ichor-stained leather armour {god gift}
 13459 | D:11     | Identified the -2 leather armour of Bloifev {Dex+3 Int+1} (Okawaru gifted it to you on level 11 of the Dungeon)
 13474 | Orc:1    | Entered Level 1 of the Orcish Mines
 13586 | D:11     | Noticed a hill giant
 13586 | D:11     | Noticed a hill giant
 13917 | D:11     | Killed a hill giant
 14055 | D:11     | Killed a hill giant
 14055 | D:11     | Reached skill level 5 in Evocations
 14359 | D:11     | Noticed a hill giant
 14370 | D:11     | Killed a hill giant
 14514 | D:11     | Noticed a six-headed hydra
 14521 | D:11     | Killed a six-headed hydra
 15618 | D:10     | Bought a pair of polished gloves for 198 gold pieces
 15667 | D:11     | Identified the +2 pair of gloves of Shudeb {Dex+2 Acc+6} (You bought it in a shop on level 10 of the Dungeon)
 16231 | Orc:2    | Reached skill level 5 in Translocations
 16448 | Orc:2    | Learned a level 1 spell: Apportation
 16451 | Orc:2    | Learned a level 2 spell: Swiftness
 16570 | Orc:2    | Received a gift from Okawaru
 16570 | Orc:2    | Reached skill level 5 in Armour
 16596 | Orc:2    | Got a pair of slimy boots {god gift}
 17246 | D:10     | Bought a dazzling leather armour for 224 gold pieces
 17279 | D:11     | Identified the +2 leather armour "Psuumyarhu" {+Blink Int+3} (You bought it in a shop on level 10 of the Dungeon)
 17293 | D:11     | Identified the +0 pair of boots of Calculation {Str+3 Int+1} (Okawaru gifted it to you on level 2 of the Orcish Mines)
 17554 | D:12     | Found a labyrinth entrance.
 17573 | Lab      | Entered a labyrinth
 17747 | Lab      | Noticed a minotaur
 17771 | Lab      | Killed a minotaur
 17776 | Lab      | Got a crystal battleaxe
 17776 | Lab      | Got an encrusted mottled dragon armour
 17802 | Lab      | Identified the cursed +5 mottled dragon armour of Experimentation {Acc+4 Stlth++} (You found it in a labyrinth)
 17802 | Lab      | Identified the battleaxe of Dissent {freeze, *Tele rElec rF+ rN+ Str+3} (You found it in a labyrinth)
 18805 | D:12     | Found a roughly hewn altar of Beogh.
 19009 | D:12     | Reached skill level 10 in Charms
 19009 | D:12     | Reached XP level 13. HP: 82/82 MP: 7/32
 19277 | D:13     | Reached skill level 1 in Air Magic
 19486 | D:13     | Reached skill level 10 in Long Blades
 19931 | Lair:3   | Killed mahrgell's ghost
 20568 | Lair:4   | Found a hole to the Spider Nest.
 20769 | Lair:4   | Received a gift from Okawaru
 20770 | Lair:4   | Got a transparent battleaxe {god gift}
 20771 | Lair:4   | Identified the battleaxe "Xeecaj" {god gift, chop, +Inv rElec rF+ Int+4} (Okawaru gifted it to you on level 4 of the Lair of Beasts)
 20906 | Lair:4   | Reached skill level 10 in Spellcasting
 21874 | Lair:3   | Killed a 12-headed hydra
 21874 | Lair:3   | Reached skill level 10 in Dodging
 22122 | Lair:5   | Found a staircase to the Swamp.
 22141 | Lair:5   | Reached skill level 5 in Traps
 22301 | Lair:5   | Received a gift from Okawaru
 23447 | Lair:6   | Reached XP level 14. HP: 67/90 MP: 18/33
 23867 | Lair:6   | Reached skill level 11 in Charms
 24182 | Swamp:1  | Entered Level 1 of the Swamp
 24519 | Swamp:1  | Received a gift from Okawaru
 25139 | Lair:7   | Found a dark tunnel.
 25155 | Volcano  | Entered a volcano
 25245 | Volcano  | Noticed Erolcha
 25266 | Volcano  | Killed Erolcha
 25915 | Lair:7   | Reached skill level 5 in Air Magic
 26598 | Lair:8   | Entered Level 8 of the Lair of Beasts
 26665 | Lair:8   | Found a viscous altar of Jiyva.
 26665 | Lair:8   | Found a staircase to the Slime Pits.
 27438 | Lair:8   | Received a gift from Okawaru
 27461 | Lair:8   | Got a pair of smoking boots {god gift}
 27466 | Lair:8   | Identified the +0 pair of boots of Indecent Exposure {+Blink MR++} (Okawaru gifted it to you on level 8 of the Lair of Beasts)
 29120 | Swamp:1  | Reached XP level 15. HP: 95/95 MP: 23/35
 31866 | Swamp:3  | Received a gift from Okawaru
 32544 | Swamp:4  | Reached skill level 12 in Charms
 32713 | Swamp:4  | Upgraded the game from 0.13-a0-2417-g818e1a6 to 0.13-a0-2450-ga447c6a
 33853 | Swamp:4  | Reached skill level 10 in Invocations
 34128 | Swamp:5  | Entered Level 5 of the Swamp
 35312 | D:13     | Noticed Nessos
 35343 | D:13     | Killed Nessos
 35824 | D:14     | Entered Level 14 of the Dungeon
 35832 | D:14     | Reached skill level 5 in Hexes
 36062 | D:14     | Learned a level 6 spell: Haste
 36069 | D:14     | Learned a level 6 spell: Deflect Missiles
 36236 | D:14     | Received a gift from Okawaru
 36912 | D:14     | Reached XP level 16. HP: 100/102 MP: 32/36
 36965 | D:14     | Got a steaming spear
 36966 | D:14     | Identified the spear of Thruotiun {pierce, rC+} (You found it on level 14 of the Dungeon)
 37577 | D:15     | Entered Level 15 of the Dungeon
 38379 | Orc:3    | Found Simpuaci's Assorted Antiques.
 38596 | Orc:4    | Entered Level 4 of the Orcish Mines
 38604 | Orc:4    | Found Craycwa's General Store.
 38765 | Orc:4    | Found a staircase to the Elven Halls.
 38905 | Orc:4    | Found a roughly hewn altar of Beogh.
 38906 | Orc:4    | Found Guc Cauju's Armour Emporium.
 39180 | Orc:4    | Found a roughly hewn altar of Beogh.
 39210 | Orc:4    | Found Uluox's Magical Wand Emporium.
 39985 | Orc:4    | Found a roughly hewn altar of Beogh.
 40105 | Orc:4    | Found Ziqeoha's Antique Weapon Shop.
 40105 | Orc:4    | Found a roughly hewn altar of Beogh.
 40109 | Orc:4    | Found Ycapaan's Antique Armour Boutique.
 40127 | Orc:4    | Bought a glowing great sword for 204 gold pieces
 40304 | Orc:4    | Found a roughly hewn altar of Beogh.
 40627 | Spider:1 | Entered Level 1 of the Spider Nest
 41967 | Spider:1 | Received a gift from Okawaru
 42643 | Spider:2 | Got a smoking robe
 42651 | Spider:2 | Identified the +1 robe of Dim Light {rF+ Acc+5} (You found it on level 2 of the Spider Nest)
 44108 | D:15     | Received a gift from Okawaru
 45375 | D:16     | Found a staircase to the Vaults.
 45688 | D:16     | Reached XP level 17. HP: 79/109 MP: 16/37
 46722 | D:16     | Reached skill level 10 in Air Magic
 47020 | D:16     | Reached skill level 13 in Charms
 47315 | D:17     | Got a polished ring mail
 47360 | D:16     | Identified the +5 ring mail of the Pits of Slime {rF+} (You found it on level 17 of the Dungeon)
 47977 | D:17     | Got an iridescent falchion
 47978 | D:17     | Identified the falchion "Killer Bee's Doom" {elec, rC- Int+4 SInv} (You found it on level 17 of the Dungeon)
 48519 | Vaults:1 | Entered Level 1 of the Vaults
 49752 | Lair:2   | Upgraded the game from 0.13-a0-2450-ga447c6a to 0.13-a0-2474-g552a472
 50075 | Vaults:1 | Found Thawnubau's Weapon Shop.
 50157 | Vaults:1 | Noticed Saint Roka
 50174 | Vaults:1 | Killed Saint Roka
 50175 | Vaults:1 | Slain by an orc warrior

Action                   |  1- 3 |  4- 6 |  7- 9 | 10-12 | 13-15 | 16-18 || total
-------------------------+-------+-------+-------+-------+-------+-------++-------
Melee: Short sword       |   152 |       |       |       |       |       ||   152
       Long sword        |    31 |   172 |   205 |  1167 |    12 |       ||  1587
       Falchion          |       |       |   142 |       |       |     3 ||   145
       Great sword       |       |       |       |       |  1473 |  1039 ||  2512
       Battleaxe         |       |       |       |       |    64 |     8 ||    72
 Fire: Sling             |       |       |     7 |     4 |       |       ||    11
       Blowgun           |       |       |    12 |    79 |    15 |     5 ||   111
Throw: Stone             |       |       |     1 |       |       |       ||     1
 Cast: Infusion          |    25 |    21 |    49 |    99 |   198 |   114 ||   506
       Shroud of Golubri |     7 |    13 |    33 |    86 |   161 |   100 ||   400
       Song of Slaying   |     2 |     4 |     7 |    27 |    26 |    15 ||    81
       Spectral Weapon   |       |    22 |    49 |   129 |   254 |   150 ||   604
       Swiftness         |       |       |       |    10 |    26 |     9 ||    45
       Deflect Missiles  |       |       |       |       |     1 |    13 ||    14
       Apportation       |       |       |       |       |     1 |     2 ||     3
Invok: Heroism           |       |       |     1 |    18 |    15 |    15 ||    49
       Finesse           |       |       |       |     3 |     3 |     6 ||    12
 Abil: Stop Singing      |       |       |       |     1 |       |       ||     1
       Evoke Blink       |       |       |       |       |     2 |       ||     2
Evoke: Wand              |     1 |       |     2 |    17 |    60 |    12 ||    92
       Miscellaneous     |       |       |       |       |       |     6 ||     6
  Use: Scroll            |     6 |     4 |     5 |    16 |    16 |    17 ||    64
       Potion            |       |     3 |     5 |    15 |     6 |     6 ||    35
 Stab: Sleeping          |     1 |     1 |     1 |     7 |    36 |    21 ||    67
       Distracted        |       |       |     5 |    14 |    24 |    19 ||    62
       Invisible         |       |       |     5 |     1 |       |       ||     6
       Paralysed         |       |       |       |     1 |       |       ||     1
       Held in net/web   |       |       |       |       |       |     1 ||     1
